 Dungeon Crawl Stone Soup version 0.29-a0-234-g0dae59b3db (webtiles) character file.

Game seed: 6198774330103427646

1 spaghetti the Shield-Bearer (level 1, -1/18 HPs)
             Began as a Formicid Fighter on Mar 3, 2022.
             Killed from afar by a dart slug (2 damage)
             ... with a slug dart
             ... on level 4 of the Dungeon.
             The game lasted 00:00:25 (58 turns).

spaghetti the Shield-Bearer (Formicid Fighter)        Turns: 58, Time: 00:00:25

Health: -1/18      AC:  6    Str: 20    XL:     1   Next: 22%
Magic:  1/1        EV:  9    Int:  7    God:
Gold:   22         SH:  4    Dex: 10    Spells: 0/0 levels left

rFire   . . .      SeeInvis +   a - +0 long sword {long}
rCold   . . .      Faith    .   c - +0 buckler
rNeg    . . .      Spirit   .   b - +0 scale mail
rPois   .          Reflect  .   (helmet unavailable)
rElec   .          Harm     .   (no cloak)
rCorr   .          Rampage  .   (no gloves)
Will    .....                   (no boots)
Stlth   ..........              (no amulet)
HPRegen 0.06/turn               (no ring)
MPRegen 0.07/turn               (no ring)

@: mighty, flying
A: permanent stasis, dig shafts and tunnels, antennae 3, four strong arms
a: Dig, Shaft Self


You were on level 4 of the Dungeon.
You visited 1 branch of the dungeon, and saw 4 of its levels.

You collected 22 gold pieces.


Innate Abilities, Weirdness & Mutations

You cannot be hasted, slowed, berserked, paralysed or teleported.
You can dig through walls and to a lower floor.
You have a pair of large antennae on your head. (SInv)
Your four strong arms can wield two-handed weapons with a shield.


   Skills:
 - Level 3.2 Fighting
 + Level 2.1 Long Blades
 - Level 3.2 Armour
 - Level 3.6 Shields


You couldn't memorise any spells.
You didn't know any spells.
Your spell library was empty.

Inventory:

Hand Weapons
 a - a +0 long sword (weapon) {long}
Armour
 b - a +0 scale mail (worn)
 c - a +0 buckler (worn)

Dungeon Overview and Level Annotations

Branches:
Dungeon (1/15)

Altars:

##.....#
#.....#
#.....#
#######.....#
............#
............#
........#####
{ ........#
.......@#
.......w#
........#
........#
........#
........#
........#
........#


You could see a dart slug.


Message History

Unknown command.
Unknown command.
Unknown command.
Are you sure you want to shaft yourself?
You begin to dig a shaft.
You continue digging a shaft.
A shaft appears beneath you!
You fall into a shaft and drop 1 floor!
The shaft crumbles and collapses.
Unknown command.
Unknown command.
You aren't carrying any scrolls.
A hobgoblin comes into view.
The hobgoblin shouts!
A hobgoblin is nearby!
A hobgoblin is nearby!
A hobgoblin is nearby!
You hit the hobgoblin.
You kill the hobgoblin!
No target in view!
No target in view!
No target in view!
No target in view!
No target in view!
No target in view!
No target in view!
No target in view!
No target in view!
No target in view!
You open the door.
There is an open door here.
You open the door.
There is an open door here.
You now have 8 gold pieces.
You now have 22 gold pieces (gained 14).
Key pressed, stopping explore.
You sense a monster nearby.
e - a fizzy yellow potion No target in view!
You sense a monster nearby.
A dart slug comes into view.
An adder comes into view.
The adder hisses angrily.
The dart slug misses you.
You hit the dart slug but do no damage. You block the dart slug's attack.
The adder closely misses you.
You hit the adder. The adder bites you but does no damage.
The dart slug launches a dart at you. The slug dart misses you.
You block the adder's attack.
You hit the adder. The adder bites you. The dart slug launches a dart at you.
The slug dart hits you. The adder bites you but does no damage.
You barely miss the adder. The adder bites you.
You are poisoned.
The adder poisons you!
The dart slug bites you but does no damage. 😕 HP[-4]
You take 4 damage, and now have 14/18 hp.
MASSIVE DAMAGE!! (PAUSE)
You closely miss the adder.
You feel very sick. The adder closely misses you. x2
The dart slug launches a dart at you. The slug dart misses you. 😮 HP[-3]
You take 3 damage, and now have 11/18 hp.
You closely miss the adder.
You feel sick. The adder bites you but does no damage. The adder bites you.
* * * LOW HITPOINT WARNING * * *
The dart slug bites you but does no damage. 😨 HP[-2]
You take 2 damage, and now have 9/18 hp.
You miss the adder.
You feel sick. The adder misses you. The adder bites you but does no damage.
The dart slug launches a dart at you. The slug dart hits you.
* * * LOW HITPOINT WARNING * * *
😱 HP[-5]
You take 5 damage, and now have 4/18 hp.
MASSIVE DAMAGE!! (PAUSE) It was a potion of flight.
You feel very buoyant.
You fly up into the air.
* * * LOW HITPOINT WARNING * * *
You feel sick. You block the adder's attack. 😱 HP[-1]
You take 1 damage, and now have 3/18 hp.
Unknown command.
You feel very mighty all of a sudden.
* * * LOW HITPOINT WARNING * * *
You feel sick. The adder bites you but does no damage.
The dart slug barely misses you. 😱 HP[-1]
You take 1 damage, and now have 2/18 hp.
You slash the adder!
You kill the adder!
* * * LOW HITPOINT WARNING * * *
You feel sick.
You are no longer poisoned.
The dart slug launches a dart at you. The slug dart hits you.
You die...

Action                   || total
-------------------------++-------
Melee: Long sword        ||     9
 Abil: Shaft Self        ||     3
  Use: Potion            ||     2
Armor: Scale mail        ||     7
Dodge: Dodged            ||     8
Block: Buckler           ||     3

Levels and vault maps discovered:
D:1:      dpeg_arrival_three_smaller_balls, layout_rooms,
          shapermc_ecumenical_altar_mp_urbaneastern, minivault_14,
          nrook_campfire
D:2:      layout_basic, st_stairs_6, nrook_loot_triangle
D:3:      layout_basic, serial_shops, shop_coins, minmay_misc_feat_chi,
          minmay_fractal_squares_diagonal_5
D:4:      layout_basic

Notes
Turn   | Place    | Note
-------+----------+-------------------------------------------
     0 | D:1      | spaghetti the Formicid Fighter began the quest for the Orb.
     0 | D:1      | Reached XP level 1. HP: 18/18 MP: 1/1
     0 | D:1      | magus.rc [v1.9.6]
     3 | D:1      | You fall into a shaft and drop 1 floor!
     6 | D:2      | You fall into a shaft and drop 1 floor!
     9 | D:3      | You fall into a shaft and drop 1 floor!
    55 | D:4      | HP: 4/18 [dart slug/slug dart (4)]
    58 | D:4      | HP: 1/18 [poisoned by an adder]
    58 | D:4      | Killed from afar by a dart slug

Vanquished Creatures
  An adder (D:4)
  A hobgoblin (D:4)
2 creatures vanquished.

Table legend:
 A = Non-vault XP
 B = Vault XP
 C = Vault XP percentage of total XP
 D = Non-vault monster count
 E = Vault monster count
 F = Vault count percentage of total count
                 A         B        C        D         E       F
            +---------+---------+-------+---------+---------+-------
      Total |      15 |       0 |   0.0 |       2 |       0 |   0.0
            +---------+---------+-------+---------+---------+-------
        D:4 |      15 |       0 |   0.0 |       2 |       0 |   0.0
            +---------+---------+-------+---------+---------+-------

Illustrated notes

Table legend:
 A = Kills in this place as a percentage of kills in entire the game.
 B = Kills by you in this place as a percentage of kills by you in the entire game.
 C = Kills by friends in this place as a percentage of kills by friends in the entire game.
 D = Other kills in this place as a percentage of other kills in the entire game.
 E = Experience gained in this place as a percentage of experience gained in the entire game.
 F = Experience gained in this place divided by the number of levels of this place that you have seen.
                   A       B       C       D       E      F
               +-------+-------+-------+-------+-------+----------------------
         Total | 100.0 | 100.0 |   N/A |   N/A | 100.0 |   3.8
       Dungeon | 100.0 | 100.0 |   N/A |   N/A | 100.0 |   3.8
               +-------+-------+-------+-------+-------+----------------------

Table legend: (Time is in decaauts)
 A = Elapsed time spent in this place.
 B = Non-inter-level travel time spent in this place.
 C = Inter-level travel time spent in this place.
 D = Time resting spent in this place.
 E = Time spent auto-exploring this place.
 F = Levels seen in this place.
 G = Mean time per level.
                   A        B        C        D        E       F      G
               +--------+--------+--------+--------+--------+-----+--------+
         Total |     59 |     59 |      0 |      0 |     27 |   4 |   14.8 |
       Dungeon |     59 |     59 |      0 |      0 |     27 |   4 |   14.8 |
               +--------+--------+--------+--------+--------+-----+--------+

Top non-repeatable levels by time:
     D:4: 51 daAuts
     D:1: 3 daAuts
     D:3: 2 daAuts
     D:2: 2 daAuts
